 Dungeon Crawl Stone Soup version 0.30.1-4-g462c640d31 (webtiles) character file.

Game seed: 13154025220971268442

322 Mahound the Conjurer (level 6, -2/44 HPs)
             Began as a Gnoll Conjurer on Aug 14, 2023.
             Was an Initiate of Cheibriados.
             Slain by a gnoll
             ... wielding a +0 spear
             ... led by a gnoll bouda
              (7 damage)
             ... on level 5 of the Dungeon.
             The game lasted 00:07:54 (1361 turns).

Mahound the Conjurer (Gnoll Conjurer)               Turns: 1361, Time: 00:07:54

Health: -2/44      AC:  2    Str: 10    XL:     6   Next: 47%
Magic:  11/14      EV: 13    Int: 18    God:    Cheibriados [......]
Gold:   38         SH:  0    Dex: 11    Spells: 3/15 levels left

rFire   . . .        b - +0 dagger (venom)
rCold   . . .        (no shield)
rNeg    + . .        a - +0 robe
rPois   .            (no helmet)
rElec   .            (no cloak)
rCorr   .            (no gloves)
SInv    .            (no boots)
Will    .....        (no amulet)
Stlth   +++          g - ring of positive energy
HPRegen 0.27/turn    (no ring)
MPRegen 0.14/turn

%: no passive effects
@: about to teleport, very slow
A: fangs 1, strong nose, distributed training
a: Renounce Religion


You were on level 5 of the Dungeon.
You worshipped Cheibriados.
Cheibriados was noncommittal.
You visited 2 branches of the dungeon, and saw 6 of its levels.

You collected 38 gold pieces.

Inventory:

Hand Weapons
 b - a +0 dagger of venom (weapon)
 c - a +0 dagger of draining
Armour
 a - a +0 robe (worn)
Jewellery
 g - a ring of positive energy (left hand)
Scrolls
 f - a scroll of torment {unknown}
 h - a scroll of brand weapon {unknown}
Potions
 d - 2 potions of haste


   Skills:
 + Level 2.0 Fighting
 + Level 2.0 Short Blades
 + Level 2.0 Long Blades
 + Level 2.0 Axes
 + Level 2.0 Maces & Flails
 + Level 2.0 Polearms
 + Level 2.0 Staves
 + Level 2.0 Ranged Weapons
 + Level 2.0 Throwing
 + Level 2.0 Armour
 + Level 5.0 Dodging
 + Level 4.6 Stealth
 + Level 2.0 Shields
 + Level 2.0 Unarmed Combat
 + Level 5.4 Spellcasting
 + Level 7.3 Conjurations
 + Level 1.6 Hexes
 + Level 1.6 Summonings
 + Level 1.6 Necromancy
 + Level 1.6 Translocations
 + Level 1.6 Transmutations
 + Level 1.6 Fire Magic
 + Level 1.6 Ice Magic
 + Level 1.6 Air Magic
 + Level 1.6 Earth Magic
 + Level 1.6 Poison Magic
 + Level 2.2 Invocations
 + Level 2.0 Evocations


You had 3 spell levels left.
You knew the following spells:

 Your Spells              Type           Power      Damage    Failure   Level
a - Magic Dart            Conj           100%       1d8       1%          1
b - Searing Ray           Conj           62%        2d6       1%          2
c - Call Imp              Summ           20%        N/A       10%         2
d - Mephitic Cloud        Conj/Pois/Air  17%        N/A       9%          3
e - Fulminant Prism       Conj/Hex       10%        3d9       21%         4

Your spell library contained the following spells:

 Spells                   Type           Power      Damage    Failure   Level
 Dazzling Flash           Conj/Hex       42%        N/A       6%          3
 Iskenderun's Mystic Bla  Conj/Tloc      21%        2d6       21%         4


Dungeon Overview and Level Annotations

Branches:
Dungeon (5/15)             Temple (1/1) D:5

Altars:
Cheibriados
Elyvilon
Fedhas
Makhleb
Okawaru
Sif Muna
Trog
Uskayaw
Vehumet
Zin


Innate Abilities, Weirdness & Mutations

You have very sharp teeth.
Your uncanny sense of smell can sniff out nearby items.
Your experience applies equally to all skills.


Message History

Cheibriados appreciates the change of pace.
You finish channelling your searing ray.
The orc throws a poisoned dart.
The poisoned dart closely misses you.
Items here: )) [[ †.
You closely miss the orc.
The gnoll bouda shouts!
You bite the orc, but do no damage.
The gnoll shouts!
You hit the orc but do no damage. Your bite misses the orc.
The orc barely misses you.
The gnoll bouda gazes fiercely through you!
You feel your attacks grow feeble.
You barely miss the orc. Your bite misses the orc.
The gnoll bouda barks out a call to the hunt!
The gnoll picks up the pace!
The orc hits you with a +0 whip.
You hit the orc but do no damage.
The orc is poisoned.
The orc misses you. The orc misses you.
Your attacks no longer feel as feeble.
The gnoll hits you but does no damage. The orc closely misses you.
The gnoll hits you from afar with a +0 spear.
The orc throws a poisoned dart.
The poisoned dart closely misses you.
The gnoll bouda hits you with a +0 club!
The gnoll hits you from afar with a +0 spear!
* * * LOW HITPOINT WARNING * * *
The gnoll bouda hits you with a +0 club!
* * * LOW HITPOINT WARNING * * *
The orc attacks as you move away! The orc closely misses you.
Unknown command.
Okay, then.
As you read the scroll of teleportation, it crumbles to dust.
You feel strangely unstable. The orc hits you with a +0 whip.
* * * LOW HITPOINT WARNING * * *
The gnoll bouda closely misses you. The gnoll hits you but does no damage.
The orc attacks as you move away! The orc hits you with a +0 whip.
* * * LOW HITPOINT WARNING * * *
You kill the orc!
Cheibriados thoroughly appreciates the change of pace.
The gnoll hits you from afar with a +0 spear!
You die...

#...........#.†.#.#
.............#.#..#
..............>...### .#
...#.....#.#....#
##....###...#.).#.#.#
.#................#.##
.......##.....)..#...#
###....#.....#.......####
.#.....#........@gg.....###
.....#....##..............##
....####.......##....).....#
.....#...............)..##.##.
........#.###.......#<........
#..#.##.#.# .......#.........#
...##............##.........#.
.... ......#......o..........#
....#.#....####........#...?##


You could see a gnoll bouda and a gnoll (swift).

Vanquished Creatures
  A sky beast (D:4)
  An orc priest (D:5)
  An iguana (D:5)
  An orc wizard (D:5)
  Robin (D:2)
  3 gnolls (D:5)
  3 adders
  2 ufetubi (D:4)
  A worm (D:2)
  A dart slug (D:4)
  13 orcs
  2 ball pythons (D:1)
  3 endoplasms
  10 goblins
  4 hobgoblins (D:2)
  2 jackals (D:1)
  A quokka (D:1)
  6 bats
  3 frilled lizards
  5 rats
64 creatures vanquished.

Notes
Turn   | Place    | Note
-------+----------+-------------------------------------------
     0 | D:1      | Mahound the Gnoll Conjurer began the quest for the Orb.
     0 | D:1      | Reached XP level 1. HP: 13/13 MP: 6/6
    75 | D:1      | Reached XP level 2. HP: 19/19 MP: 1/7
   109 | D:1      | Learned a level 2 spell: Searing Ray
   273 | D:1      | Learned a level 2 spell: Call Imp
   356 | D:2      | Reached skill level 5 in Spellcasting
   356 | D:2      | Reached XP level 3. HP: 18/25 MP: 4/9
   360 | D:2      | Learned a level 3 spell: Mephitic Cloud
   395 | D:2      | Noticed Robin
   408 | D:2      | Reached skill level 1 in Invocations
   413 | D:2      | Killed Robin
   414 | D:2      | Reached skill level 1 in Fighting
   414 | D:2      | Reached skill level 1 in Short Blades
   414 | D:2      | Reached skill level 1 in Long Blades
   414 | D:2      | Reached skill level 1 in Axes
   414 | D:2      | Reached skill level 1 in Maces & Flails
   414 | D:2      | Reached skill level 1 in Polearms
   414 | D:2      | Reached skill level 1 in Staves
   414 | D:2      | Reached skill level 1 in Ranged Weapons
   414 | D:2      | Reached skill level 1 in Throwing
   414 | D:2      | Reached skill level 1 in Armour
   414 | D:2      | Reached skill level 1 in Shields
   414 | D:2      | Reached skill level 1 in Unarmed Combat
   414 | D:2      | Reached skill level 1 in Evocations
   462 | D:2      | Reached XP level 4. HP: 29/32 MP: 4/11
   650 | D:4      | Reached skill level 1 in Hexes
   650 | D:4      | Reached skill level 1 in Summonings
   650 | D:4      | Reached skill level 1 in Necromancy
   650 | D:4      | Reached skill level 1 in Translocations
   650 | D:4      | Reached skill level 1 in Transmutations
   650 | D:4      | Reached skill level 1 in Fire Magic
   650 | D:4      | Reached skill level 1 in Ice Magic
   650 | D:4      | Reached skill level 1 in Air Magic
   650 | D:4      | Reached skill level 1 in Earth Magic
   650 | D:4      | Reached skill level 1 in Poison Magic
   659 | D:4      | Learned a level 4 spell: Fulminant Prism
   736 | D:4      | Noticed a sky beast
   744 | D:4      | Killed a sky beast
   745 | D:4      | Reached XP level 5. HP: 29/37 MP: 1/12
   797 | D:5      | Entered Level 5 of the Dungeon
   894 | D:5      | HP: 1/38 [something/puff of flame (7)]
  1041 | D:5      | Reached XP level 6. HP: 42/44 MP: 7/13
  1091 | D:5      | Found a staircase to the Ecumenical Temple.
  1103 | D:5      | Reached skill level 5 in Dodging
  1118 | Temple   | Entered the Ecumenical Temple
  1311 | Temple   | Became a worshipper of Cheibriados the Contemplative
  1361 | D:5      | Slain by a gnoll

Illustrated notes

Levels and vault maps discovered:
D:1:      minmay_arrival_pointy, layout_rooms,
          dilly_ecumenical_altar_fadedgnrine
D:2:      layout_basic, uniq_robin
D:3:      layout_basic, minmay_joined_circles
D:4:      layout_basic, uniq_ijyb
D:5:      layout_cave_pools, mainiacjoe_overflow_large_starburst,
          minmay_temple_entry_crystal_x
Temple:   hellmonk_temple_flake

Skill      XL: |  1  2  3  4  5  6 |
---------------+-------------------+-----
Spellcasting   | 5 |  5.4
Invocations    | 1 2 |  2.2
Fighting       | 1 2 |  2.0
Short Blades   | 1 2 |  2.0
Long Blades    | 1 2 |  2.0
Axes           | 1 2 |  2.0
Maces & Flails | 1 2 |  2.0
Polearms       | 1 2 |  2.0
Staves         | 1 2 |  2.0
Ranged Weapons | 1 2 |  2.0
Throwing       | 1 2 |  2.0
Armour         | 1 2 |  2.0
Shields        | 1 2 |  2.0
Unarmed Combat | 1 2 |  2.0
Evocations     | 1 2 |  2.0
Hexes          | 1 |  1.6
Summonings     | 1 |  1.6
Necromancy     | 1 |  1.6
Translocations | 1 |  1.6
Transmutations | 1 |  1.6
Fire Magic     | 1 |  1.6
Ice Magic      | 1 |  1.6
Air Magic      | 1 |  1.6
Earth Magic    | 1 |  1.6
Poison Magic   | 1 |  1.6
Dodging        | 5 |  5.0
Stealth        | |  4.6
Conjurations   | |  7.3

Action                     |  1- 3 |  4- 6 || total
---------------------------+-------+-------++-------
  Melee: Dagger            |     6 |    19 ||    25
         Bite              |       |     5 ||     5
   Cast: Magic Dart        |    15 |       ||    15
         Searing Ray       |     8 |    12 ||    20
         Mephitic Cloud    |       |     1 ||     1
    Use: Scroll            |     2 |     1 ||     3
         Potion            |     1 |     1 ||     2
   Stab: Sleeping          |     1 |     2 ||     3
 Armour: Robe              |     7 |     3 ||    10
  Dodge: Dodged            |    18 |    41 ||    59
